 Dungeon Crawl Stone Soup version 0.28.0-53-g5a82cb258f (webtiles) character file.

Game seed: 13376112588951511782

42 bwicke the Caller (level 3, 0/14 HPs)
             Began as a Felid Summoner on Aug 11, 2022.
             Succumbed to an adder's poison
             ... on level 2 of the Dungeon.
             The game lasted 00:04:19 (1394 turns).

bwicke the Caller (Felid Summoner)                  Turns: 1394, Time: 00:04:20

Health: 0/14       AC:  1    Str:  4    XL:     3   Next: 35%
Magic:  3/7        EV: 17    Int: 18    God:
Gold:   41         SH:  0    Dex: 16    Spells: 5/6 levels left
                                        Lives:  0   Deaths: 0

rFire   . . .      SeeInvis +   (weapon unavailable)
rCold   . . .      Faith    .   (shield unavailable)
rNeg    . . .      Spirit   .   (armour unavailable)
rPois   .          Reflect  .   (helmet unavailable)
rElec   .          Harm     .   (cloak unavailable)
rCorr   .          Rampage  .   (gloves unavailable)
Will    .....                   (boots unavailable)
Stlth   ++........              (no amulet)
HPRegen 0.04/turn               (no ring)
MPRegen 0.10/turn               (no ring)

@: lethally poisoned (0 -> -4), quick
A: very small, claws 1, fangs 3, see invisible, speed 1, shaggy fur 1, stealthy
paws, no weapons or thrown items, no armour, multi-lived
a: no special abilities


You were on level 2 of the Dungeon.
You visited 1 branch of the dungeon, and saw 2 of its levels.

You collected 41 gold pieces.

You aren't carrying anything.


   Skills:
 - Level 2.6 Dodging
 - Level 2.6 Stealth
 - Level 2.0 Spellcasting
 + Level 5.2 Summonings


You had 5 spell levels left.
You knew the following spells:

 Your Spells              Type           Power      Damage    Failure   Level
a - Summon Small Mammal   Summ           80%        N/A       1%          1

Your spell library contained the following spells:

 Spells                   Type           Power      Damage    Failure   Level
 Call Imp                 Summ           20%        N/A       3%          2
 Call Canine Familiar     Summ           20%        N/A       6%          3
 Summon Guardian Golem    Hex/Summ       11%        N/A       19%         3
 Summon Lightning Spire   Summ/Air       11%        N/A       52%         4


Dungeon Overview and Level Annotations

Branches:
Dungeon (2/15)

Altars:


Innate Abilities, Weirdness & Mutations

You have sharp claws.
You have razor-sharp teeth.
You have supernaturally acute eyesight. (SInv)
You cover ground quickly. (Speed+)
You are covered in fur. (AC +1)
Your paws help you pounce on unaware monsters.
You are incapable of wielding weapons or throwing items.
You cannot wear armour.
You gain extra lives every three experience levels.


Message History

Your bat closely misses the adder.
The adder misses your quokka.
Your quokka barely misses the adder.
Your bat hits the adder. The adder bites your quokka.
Your quokka bites the adder but does no damage.
The adder closely misses your quokka.
Your quokka barely misses the adder.
Your bat barely misses the adder.
The adder completely misses your quokka.
Your quokka closely misses the adder.
The adder misses your quokka.
Your bat barely misses the adder.
Your bat hits the adder.
Your quokka bites the adder.
The adder closely misses your quokka.
Your quokka misses the adder.
Your bat barely misses the adder.
The adder bites your quokka.
Your quokka bites the adder.
Your bat barely misses the adder.
The adder bites your quokka.
Your quokka dies!
Your quokka's corpse disappears in a puff of smoke!
Casting: Summon Small Mammal (safe; 2% risk of failure)
Confirm with . or Enter, or press ? or * to list all spells.
Your bat misses the adder.
Your bat barely misses the adder.
The adder bites you.
Your bat closely misses the adder.
Your bat closely misses the adder.
You scratch the adder but do no damage.
The adder is severely wounded.
Your bat barely misses the adder.
Your quokka bites the adder.
The adder bites you.
* * * LOW HITPOINT WARNING * * *
You are lethally poisoned!
The adder poisons you!
Your quokka bites the adder.
The adder dies!
You aren't carrying any potions.
As you read the scroll labelled APA DOASTRUWU, it crumbles to dust.
It is a scroll of identify.
You don't have any unidentified items.
* * * LOW HITPOINT WARNING * * *
You feel sick.
Unknown command.
* * * LOW HITPOINT WARNING * * *
You feel sick.
You die...

#.#.# #.........#
#.#.##########...#
#........# #...#
....####.# #...#
##..####.# #...#
#....##.#####...#######
##.##.#.................
................br......
##..............@.......
#....########...#######
....#.# #..... ...##.#
#...### ... ..# #...#
... ### #.#.. .. .....
#.....


You could see a friendly quokka (summoned) and a friendly bat (summoned).

Vanquished Creatures
  A ball python (D:1)
  A giant cockroach (D:1)
  A goblin (D:1)
3 creatures vanquished.

Vanquished Creatures (collateral kills)
  A gnoll (D:1)
  An adder (D:2)
  3 bats (D:1)
  2 endoplasms (D:1)
  A giant cockroach (D:1)
  2 hobgoblins (D:1)
  2 kobolds (D:1)
  A quokka (D:1)
  3 frilled lizards (D:1)
  4 rats (D:1)
20 creatures vanquished.

Grand Total: 23 creatures vanquished

Notes
Turn   | Place    | Note
-------+----------+-------------------------------------------
     0 | D:1      | bwicke the Felid Summoner began the quest for the Orb.
     0 | D:1      | Reached XP level 1. HP: 7/7 MP: 4/4
   322 | D:1      | Reached XP level 2. HP: 9/11 MP: 3/6
   624 | D:1      | Reached skill level 5 in Summonings
   738 | D:1      | Reached XP level 3. HP: 6/14 MP: 0/7
  1394 | D:2      | Succumbed to an adder's poison

Illustrated notes

Levels and vault maps discovered:
D:1:      sevenhm_arrival_forest_fort_large_2, layout_rooms,
          serial_bayou_crossing
D:2:      layout_loops_cross, shapermc_ecumenical_altar_gd,
          hangedman_decor_push, moated_statue

Skill      XL: |  1  2 |
---------------+-------+-----
Summonings     | 5 |  5.2
Dodging        | |  2.6
Stealth        | |  2.6
Spellcasting   | |  2.0

Action                   || total
-------------------------++-------
Melee: Unarmed           ||    18
 Cast: Summon Small Mamm ||    33
  Use: Scroll            ||     1
 Stab: Sleeping          ||     3
Armor: Skin              ||     4
Dodge: Dodged            ||    34
